 Dungeon Crawl Stone Soup version 0.31-a0-430-gf8416d752b (webtiles) character file.

Game seed: 17781640708424702017

368 AdnanSaban the Cudgeller (level 6, 0/39 HPs)
             Began as a Gargoyle Fighter on July 30, 2023.
             Slain by an ogre
             ... wielding a +0 giant spiked club
              (15 damage)
             ... on level 4 of the Dungeon.
             The game lasted 00:02:29 (2896 turns).

AdnanSaban the Cudgeller (Gargoyle Fighter)         Turns: 2896, Time: 00:02:29

Health: 0/39       AC: 12    Str: 22    XL:     6   Next: 69%
Magic:  6/6        EV:  9    Int:  8    God:
Gold:   73         SH:  4    Dex:  9    Spells: 5/5 levels left

rFire   . . .        v - +0 morningstar
rCold   . . .        c - +0 buckler
rNeg    + . .        b - +0 scale mail
rPois   ∞            o - +0 helmet
rElec   +            (no cloak)
rCorr   .            (no gloves)
SInv    .            (no boots)
Will    .....        (no amulet) Stlth
                     (no ring)
HPRegen 0.26/turn    (no ring)
MPRegen 0.10/turn

%: no passive effects
@: no status effects
A: sickness immunity, AC +4, negative energy resistance 1, electricity
resistance, torment resistance 1, petrification resistance
a: no special abilities


You were on level 4 of the Dungeon.
You visited 1 branch of the dungeon, and saw 4 of its levels.

You collected 73 gold pieces.

Inventory:

Hand Weapons
 v - a +0 morningstar (weapon)
Missiles
 e - 10 stones (quivered)
 l - 7 poisoned darts
 y - 4 silver javelins
Armour
 b - a +0 scale mail (worn)
 c - a +0 buckler (worn)
 o - a +0 helmet (worn)
Scrolls
 f - a scroll of poison {unknown}
 g - a scroll of enchant armour {unknown}
 h - a scroll of silence {unknown}
 j - a scroll of enchant weapon {unknown}
 p - 6 scrolls of teleportation {unknown}
 q - 3 scrolls of identify {unknown}
 t - a scroll of noise {unknown}
Potions
 a - a potion of heal wounds {unknown}
 d - a potion of might
 i - a potion of lignification {unknown}
 k - a potion of mutation {unknown}
 m - a potion of haste {unknown}
 n - a potion of berserk rage {unknown}
 r - a potion of degeneration {unknown}
 s - a potion of curing {unknown}
 u - a potion of enlightenment {unknown}
 w - a potion of cancellation {unknown}
 x - a potion of resistance {unknown}


   Skills:
 + Level 4.3 Fighting
 + Level 5.1 Maces & Flails
 + Level 0.1 Throwing
 + Level 4.2 Armour
 + Level 1.0 Dodging
 + Level 4.0 Shields


You had 5 spell levels left.
You didn't know any spells.
Your spell library contained the following spells:

 Spells                   Type           Power      Damage    Failure   Level
 Volatile Blastmotes      Fire/Tloc      0%         2d10      99%         3
 Fulminant Prism          Conj/Hex       0%         3d5       100%        4
 Iskenderun's Mystic Bla  Conj/Tloc      0%         2d3       100%        4


Dungeon Overview and Level Annotations

Branches:
Dungeon (4/15)
 Temple: D:4-7

Altars:
Elyvilon
Fedhas
Yredelemnul

Shops:
D:1 :


Innate Abilities, Weirdness & Mutations

You are immune to sickness and miasma.
Your stone body is resilient. (AC +4)
You are immune to poison.
You resist negative energy. (rN+)
You are resistant to electric shocks. (rElec)
You are resistant to unholy torment.
You are immune to petrification.


Message History

No target in view!
Things that are here:
a +2 dagger of electrocution; a +0 sling; a goblin corpse
Found an escape hatch in the ceiling.
No target in view!
There is an escape hatch in the ceiling here.
An ogre comes into view. It is wielding a +0 giant spiked club.
An ogre is nearby!
You throw a stone.
The stone hits the ogre but does no damage.
You throw a stone. The stone barely misses the ogre.
You block the ogre's attack.
You barely miss the ogre. You barely miss the ogre.
The ogre hits you with a +0 giant spiked club!
You hit the ogre.
The ogre is lightly wounded.
The ogre hits you with a +0 giant spiked club!
You are too injured to fight recklessly!
You are too injured to fight recklessly!
You are too injured to fight recklessly!
You are too injured to fight recklessly!
You are too injured to fight recklessly!
You are too injured to fight recklessly!
You are too injured to fight recklessly!
You are too injured to fight recklessly!
You are too injured to fight recklessly!
You are too injured to fight recklessly!
You are too injured to fight recklessly!
You are too injured to fight recklessly!
You are too injured to fight recklessly!
You are too injured to fight recklessly!
You are too injured to fight recklessly!
You are too injured to fight recklessly!
You are too injured to fight recklessly!
You are too injured to fight recklessly!
You hit the ogre.
The ogre is moderately wounded.
The ogre hits you with a +0 giant spiked club!
You die...

#.##
...#
#..#
#..#
#..#
#..###
#O...#
#@##.#
#....#
###..#
#..#
#<.#
#..#
#..#
#..#
#..#


You could see an ogre.

Vanquished Creatures
  A black bear (D:4)
  An ogre (D:4)
  A hound (D:4)
  An iguana (D:4)
  5 adders
  4 dart slugs
  12 orcs
  6 ball pythons
  8 endoplasms
  6 goblins
  5 hobgoblins
  2 jackals (D:1)
  9 kobolds
  A quokka (D:3)
  3 bats
  A frilled lizard (D:2)
  6 rats
72 creatures vanquished.

Notes
Turn   | Place    | Note
-------+----------+-------------------------------------------
     0 | D:1      | AdnanSaban the Gargoyle Fighter began the quest for the
                  | Orb.
     0 | D:1      | Reached XP level 1. HP: 14/14 MP: 1/1
   176 | D:1      | Reached XP level 2. HP: 13/19 MP: 2/2
   363 | D:1      | Reached XP level 3. HP: 24/24 MP: 3/3
   373 | D:1      | Found Cukha's Book Shop.
  1221 | D:2      | Reached XP level 4. HP: 19/29 MP: 4/4
  1495 | D:2      | Reached skill level 3 in Maces & Flails
  2130 | D:3      | Found a white marble altar of Elyvilon.
  2230 | D:3      | Reached XP level 5. HP: 28/33 MP: 5/5
  2462 | D:3      | Found a basalt altar of Yredelemnul.
  2502 | D:3      | Found a blossoming altar of Fedhas.
  2696 | D:4      | Noticed a black bear
  2703 | D:4      | Killed a black bear
  2704 | D:4      | Reached skill level 4 in Maces & Flails
  2704 | D:4      | Reached skill level 1 in Dodging
  2704 | D:4      | Reached XP level 6. HP: 38/38 MP: 6/6
  2823 | D:4      | Reached skill level 5 in Maces & Flails
  2896 | D:4      | Slain by an ogre

Illustrated notes

Levels and vault maps discovered:
D:1:      erik_arrival_orb_chamber, layout_basic, serial_shops, shop
D:2:      layout_basic
D:3:      layout_basic, lemuel_tele_altar, fedhas_altar_2,
          nicolae_elyvilon_peaceful_grove
D:4:      layout_loops_ring, lemuel_doored_altar, dk_noncrumbling_4

Skill      XL: |  1  2  3  4  5  6 |
---------------+-------------------+-----
Fighting       | 4 |  4.3
Maces & Flails | 3 4 5 |  5.1
Armour         | 4 |  4.2
Dodging        | 1 |  1.0
Shields        | 4 |  4.0
Throwing       | |  0.1

Action                     |  1- 3 |  4- 6 || total
---------------------------+-------+-------++-------
  Melee: Flail             |   103 |    45 ||   148
         Morningstar       |       |    98 ||    98
  Throw: Stone             |       |     8 ||     8
 Armour: Scale mail        |    50 |    81 ||   131
  Dodge: Dodged            |    44 |    90 ||   134
  Block: Buckler           |    21 |    34 ||    55

Table legend: (Time is in decaauts)
 A = Elapsed time spent in this place.
 B = Non-inter-level travel time spent in this place.
 C = Inter-level travel time spent in this place.
 D = Time resting spent in this place.
 E = Time spent auto-exploring this place.
 F = Levels seen in this place.
 G = Mean time per level.
                   A        B        C        D        E       F      G
               +--------+--------+--------+--------+--------+-----+--------+
         Total |   2977 |   2884 |     93 |    137 |   2148 |   4 |  744.2 |
       Dungeon |   2977 |   2884 |     93 |    137 |   2148 |   4 |  744.2 |
               +--------+--------+--------+--------+--------+-----+--------+

Top non-repeatable levels by time:
     D:2: 935 daAuts
     D:1: 900 daAuts
     D:3: 817 daAuts
     D:4: 323 daAuts
